 Dungeon Crawl Stone Soup version 0.30-a0-381-g6ea064c7b4 (webtiles) character file.

Game seed: 3046543406020605269

2 garrulousMonolith the Firebug (level 1, -1/19 HPs)
             Began as a Meteoran Cinder Acolyte on Dec 1, 2022.
             Was a High Priest of Ignis.
             Slain by a hobgoblin (5 damage)
             ... on level 1 of the Dungeon.
             The game lasted 00:01:25 (73 turns).

garrulousMonolith the Firebug (MeCA)                  Turns: 73, Time: 00:01:25

Health: -1/19      AC:  2    Str: 15    XL:     1   Next: 42%
Magic:  3/3        EV: 11    Int: 15    God:    Ignis [*****.]
Gold:   17         SH:  0    Dex:  9    Spells: 2/2 levels left

rFire   + . .      SeeInvis .    a - -1 spear (flame)
rCold   . . .      Faith    .    (no shield)
rNeg    . . .      Spirit   .    b - +0 robe
rPois   .          Reflect  .    (no helmet)
rElec   .          Harm     .    (no cloak)
rCorr   .          Rampage  .    (no gloves)
Will    .....                    (no boots)
Stlth   +.........               (no amulet)
HPRegen 0.23/turn                (no ring)
MPRegen 0.08/turn                (no ring)

@: glowing
A: sense surroundings 1, otherworldly, glowing, explore regen
a: Renounce Religion, Fiery Armour, Foxfire Swarm, Rising Flame


You were on level 1 of the Dungeon.
You worshipped Ignis.
Ignis was extremely pleased with you.
You visited 1 branch of the dungeon, and saw 1 of its levels.

You collected 17 gold pieces.

Inventory:

Hand Weapons
 a - a -1 spear of flaming (weapon)
Armour
 b - a +0 robe (worn)
Scrolls
 c - a scroll of vulnerability {unknown}
 d - 3 scrolls of identify {unknown}


   Skills:
 + Level 3.3 Fighting
 * Level 3.6 Polearms
 + Level 0.1 Dodging
 + Level 1.4 Spellcasting
 + Level 3.6 Fire Magic


You had 2 spell levels left.
You didn't know any spells.
Your spell library contained the following spells:

 Spells                   Type           Power      Damage    Failure   Level
 Scorch                   Fire           24%        2d6       8%          2


Dungeon Overview and Level Annotations

Branches:
Dungeon (1/15) Zot: 528

Altars:


Innate Abilities, Weirdness & Mutations

You passively map a small area around you.
You are easily found by Zot.
You glow in the dark.
You regain HP and MP as you explore.


Message History

You completely miss the quokka.
The quokka is moderately wounded.
The quokka misses you.
You don't know any spells.
You don't know any spells.
You barely miss the quokka. Your punch misses the quokka.
The quokka is moderately wounded.
The quokka barely misses you.
You hit the quokka. You burn the quokka.
The quokka is severely wounded.
The quokka bites you.
You hit the quokka but do no damage.
The quokka is severely wounded.
The quokka barely misses you. x2
You hit the quokka. You burn the quokka.
You kill the quokka!
Okay, then.
A rat comes into view.
You see here a +0 robe.
Found 7 gold pieces.
The rat bites you but does no damage.
You barely miss the rat. The rat closely misses you.
You hit the rat. You burn the rat.
The rat is severely wounded.
The rat bites you.
You hit the rat but do no damage.
The rat is severely wounded.
The rat barely misses you.
You hit the rat. You burn the rat.
You kill the rat!
A hobgoblin and a goblin come into view.
The goblin shouts!
The hobgoblin hits you. The goblin hits you with a +0 club.
You see here 7 gold pieces.
You now have 17 gold pieces (gained 7).
The hobgoblin hits you.
* * * LOW HITPOINT WARNING * * *
The goblin hits you but does no damage. The hobgoblin attacks as you move away!
The hobgoblin hits you.
You die...

, * ....# .... * * ... ,
#.# * * #########.####
**** * .............., ,
#####.g....#############
.......@g.......[...#..
,
#####......########.#.#
* ######+########.#.##
,............. *
..######.#.#. , #.#.#.
#.#... * , * * , #.#.##
, , , #.#..'


You could see a hobgoblin and a goblin.

Vanquished Creatures
  A quokka (D:1)
  A rat (D:1)
2 creatures vanquished.

Notes
Turn   | Place    | Note
-------+----------+-------------------------------------------
     0 | D:1      | garrulousMonolith the Meteoran Cinder Acolyte began the
                  | quest for the Orb.
     0 | D:1      | Reached XP level 1. HP: 19/19 MP: 3/3
    73 | D:1      | Slain by a hobgoblin

Illustrated notes

Levels and vault maps discovered:
D:1:      shiori_arrival_oz, layout_basic, hellmonk_ecumenical_altar_dog_temple,
          minmay_tromino_v4_b

Action                   || total
-------------------------++-------
Melee: Spear             ||    14
Armor: Robe              ||     4
Dodge: Dodged            ||     8

Table legend: (Time is in decaauts)
 A = Elapsed time spent in this place.
 B = Non-inter-level travel time spent in this place.
 C = Inter-level travel time spent in this place.
 D = Time resting spent in this place.
 E = Time spent auto-exploring this place.
 F = Levels seen in this place.
 G = Mean time per level.
                   A        B        C        D        E       F      G
               +--------+--------+--------+--------+--------+-----+--------+
         Total |     71 |     71 |      0 |      0 |      0 |   1 |   71.0 |
       Dungeon |     71 |     71 |      0 |      0 |      0 |   1 |   71.0 |
               +--------+--------+--------+--------+--------+-----+--------+

Top non-repeatable levels by time:
     D:1: 71 daAuts
